[Event "*** SCC Grand Prix: Titled Tuesday Blitz"]
[Site "Chess.com"]
[Date "2020.06.09"]
[Round "2"]
[White "politeplayer"]
[Black "Fins0905"]
[Result "0-1"]
[WhiteElo "2285"]
[BlackElo "2656"]
[TimeControl "180+1"]
[EndTime "9:18:07 PDT"]
[Termination "Fins0905 won by resignation"]

1. e4 d5 2. d4 dxe4 3. Nc3 e5 4.
Nxe4 Qxd4 5. Qe2 Nf6 6. Nxf6+ gxf6 7. Nf3 Qb6 8. Be3 Qxb2 9. Bd4 Bb4+ 10. Kd1 Bc3 11.
Qb5+ Qxb5 12. Bxb5+ c6 13. Bxc6+ Nxc6 14. Bxc3 Bg4 15. h3 Bxf3+ 16. gxf3 O-O-O+ 17. Ke2 Ne7 18. Rhg1 Rhg8 19. Rxg8 Rxg8 20. Rd1 Kc7 21. f4 Ng6 22. fxe5 fxe5 23. Ke3 f5 24. Rg1 Kc6 25. Bxe5 Re8 26. f4 Nxe5 27. fxe5 Rxe5+ 28. Kf4 Ra5 29. Rg7 Rxa2 30.
Rxh7 Rxc2 31. Kxf5 a5 32. h4 a4 33. Rh8 Rh2 34. h5 b5 35. Kg6 b4 36. Rb8 b3 37.
Rb4 Kc5 38. Rxa4 b2 39. Ra2 b1=Q+ 0-1

[Event "*** SCC Grand Prix: Titled Tuesday Blitz"]
[Site "Chess.com"]
[Date "2020.06.09"]
[Round "2"]
[White "MNyuyu"]
[Black "Lagmantr"]
[Result "0-1"]
[WhiteElo "2356"]
[BlackElo "2711"]
[TimeControl "180+1"]
[EndTime "9:18:07 PDT"]
[Termination "Lagmantr won by resignation"]

1. d4 d5 2. Nf3 Nf6 3. Bf4 g6 4. e3 Bg7 5. h3 O-O 6. Be2 c5 7.
c3 Nc6 8. O-O Bf5 9. Nbd2 Rc8 10. Nh4 Bd7 11. Nhf3 Re8 12. Ne5 Nxe5 13. Bxe5 Qb6 14.
Qb3 c4 15. Qxb6 axb6 16. a3 b5 17. Bf3 e6 18. Rfe1 Bc6 19. e4 dxe4 20. Nxe4 Nxe4 21. Bxg7 Nxc3 22. bxc3 Kxg7 23. Reb1 Ra8 24. Rb4 Ra5 25. a4 Rea8 26. Bd1 Kf6 27. Rab1 bxa4 28. Rxc4 a3 29. Rcb4 a2 30. Ra1 Ra3 31. Bb3 b5 32. Kf1 Bd5 33. Bxd5 exd5 34. Rxb5 Rxc3 35. Rb2 Rca3 36.
f3 R8a4 37. Kf2 h5 38. h4 Rxd4 39. Rbxa2 Rxa2+ 40. Rxa2 Rxh4 41. Ra6+ Kg7 42. Rd6 d4 43. g3 Rh2+ 44. Ke1 Rg2 45. Rxd4 Rxg3 46. Kf2 Rg5 47.
Rd7 Ra5 48. Kg3 g5 49. Rc7 Kg6 50. Rc6+ f6 51. Rc8 h4+ 52. Kh3 Ra1 53. f4 Ra3+ 54.
Kh2 g4 55. Rh8 Ra2+ 56. Kg1 h3 57. Rb8 Kf5 58. Rb4 g3 59. Rb1 Kxf4 60. Rf1+ Kg4 61. Rb1 f5 62. Rb4+ f4 63. Rb1 h2+ 64. Kh1 Kh3 0-1

[Event "*** SCC Grand Prix: Titled Tuesday Blitz"]
[Site "Chess.com"]
[Date "2020.06.09"]
[Round "2"]
[White "GeorgMeier"]
[Black "Flawless_Fighter"]
[Result "0-1"]
[WhiteElo "2951"]
[BlackElo "2618"]
[TimeControl "180+1"]
[EndTime "9:18:08 PDT"]
[Termination "Flawless_Fighter won on time"]

1. Nf3 Nf6 2. g3 e6 3. Bg2 d5 4. O-O Be7 5. c4 O-O 6. d4 dxc4 7. Qc2 a6 8. Qxc4 b5 9. Qc2 Bb7 10. Bg5 Nbd7 11. Bxf6 Nxf6 12. Nbd2 Rc8 13. Nb3 c5 14. dxc5 Bd5 15. Rfd1 Qc7 16. Rac1 a5 17. c6 a4 18. Nbd4 Qb6 19. a3 Rfd8 20. e3 Bd6 21. Ng5 h6 22. Ne4 Bxe4 23. Bxe4 Be5 24. Bf3 Bxd4 25. exd4 Rxd4 26.
Rxd4 Qxd4 27. Qc5 Qxb2 28. Kg2 Nd5 29. Rd1 b4 30. Bxd5 exd5 31. Rxd5 bxa3 32. c7 Qf6 0-1

[Event "*** SCC Grand Prix: Titled Tuesday Blitz"]
[Site "Chess.com"]
[Date "2020.06.09"]
[Round "2"]
[White "TargetA"]
[Black "BillieKimbah"]
[Result "0-1"]
[WhiteElo "2577"]
[BlackElo "2873"]
[TimeControl "180+1"]
[EndTime "9:18:08 PDT"]
[Termination "BillieKimbah won by resignation"]

1. e4 c5 2. Nf3 e6 3. d4 cxd4 4. Nxd4 Nc6 5. Nc3 Qc7 6. Be3 a6 7. f4 b5 8. Nxc6 Qxc6 9. a3 Bb7 10. Bd3 Rc8 11. O-O Nf6 12. Qe2 Bc5 13. Bxc5 Qxc5+ 14. Qf2 d6 15. Rae1 Qxf2+ 16. Kxf2 Ke7 17. h3 h5 18. Ke3 h4 19. a4 b4 20. Ne2 Nd7 21. Nd4 Nc5 22. b3 g6 23. Kd2 Rhd8 24. Re2 e5 25. Nf3 Nxd3 26. cxd3 Rc3 27. fxe5 dxe5 28. Nxe5 Ke6 29. Rxf7 Ba8 30. Ref2 Kxe5 31. Re7+ Kd4 32. Rff7 Rxd3+ 33. Ke2 Re3+ 34. Kd2 Rxe4 35. Rd7+ Rxd7 36. Rxd7+ Kc5 37. Ra7 Rd4+ 38. Ke3 Bc6 39. Rxa6 Rd1 40. Ra7 Rb1 41. Ra5+ Kb6 42. Rg5 Rxb3+ 43. Kd4 Rg3 44. a5+ Ka6 45. Rc5 Bxg2 0-1

[Event "*** SCC Grand Prix: Titled Tuesday Blitz"]
[Site "Chess.com"]
[Date "2020.06.09"]
[Round "2"]
[White "Manukyan_Artak"]
[Black "Bayernbk"]
[Result "0-1"]
[WhiteElo "2275"]
[BlackElo "2474"]
[TimeControl "180+1"]
[EndTime "9:18:08 PDT"]
[Termination "Bayernbk won by resignation"]

1. e4 d5 2. exd5 Nf6 3. Nc3 Bg4 4. f3 Bf5 5. Bc4 a6 6. a4 Nbd7 7. d3 Nb6 8. Bb3 Nbxd5 9. Nge2 e6 10. Nxd5 Nxd5 11. Nc3 Nxc3 12. bxc3 Bd6 13. O-O Qh4 14. f4 O-O 15. Qe1 Qxe1 16. Rxe1 Rfd8 17. Be3 b5 18.
axb5 axb5 19. Kf2 Kf8 20. c4 bxc4 21. Bxc4 Rdb8 22. Rxa8 Rxa8 23. g3 Rb8 24. Bd4 Ba3 25.
Bc3 Bb4 26. Bxb4+ Rxb4 27. Ke3 Ke7 28. Kd2 h5 29. Ra1 h4 30. Kc3 Rb8 31. Ra7 Kd6 32.
Ra6+ Kd7 33. Ra1 hxg3 34. hxg3 Rh8 35. Rg1 Bg4 36. d4 Rh2 37. Bd3 Kd6 38. Kb4 Kd5 39. c3 Rb2+ 40. Ka3 Rd2 41. Ba6 Ke4 42. Bb7+ Kd3 43.
Rc1 Rd1 44. Ba6+ Ke3 45. Rxd1 Bxd1 46. Bc8 Kf3 47. f5 exf5 48. Bxf5 Kxg3 49. c4 Kf4 50.
Bd7 Ke4 51. d5 Kd4 52. Kb4 Be2 53. Bb5 g5 54. c5 Bxb5 55. Kxb5 Kxd5 0-1

[Event "*** SCC Grand Prix: Titled Tuesday Blitz"]
[Site "Chess.com"]
[Date "2020.06.09"]
[Round "2"]
[White "aNaartjieZA"]
[Black "g3god"]
[Result "1/2-1/2"]
[WhiteElo "2588"]
[BlackElo "2876"]
[TimeControl "180+1"]
[EndTime "9:18:09 PDT"]
[Termination "Game drawn by agreement"]

1. e4 c5 2. Nf3 d6 3. g3 Nf6 4.
d3 g6 5. Bg2 Bg7 6. O-O O-O 7.
Re1 Nc6 8. c3 e5 9. a3 a5 10. a4 Be6 11. Na3 h6 12. Nb5 Re8 13. h3 d5 14. exd5 Nxd5 15. Nd2 Qe7 16. Ne4 Rad8 17. Qe2 f5 18. Nd2 Bf7 19. Nc4 Qd7 20. Ncd6 Re7 21. Nxf7 Rxf7 22. Be3 b6 23. Rad1 Rdf8 24.
f4 exf4 25. gxf4 Re8 26. Qf3 Nxe3 27. Rxe3 Rxe3 28. Qxe3 Nd8 29. Re1 Bf6 30. Qf3 Kg7 31.
Qd5 Re7 32. Rxe7+ Qxe7 33. Nd6 Ne6 34. Nc8 Qf7 35. Nxb6 Nxf4 36. Qxf7+ Kxf7 37. Bf1 Bd8 38. Nd7 Be7 39. Ne5+ Ke6 40. Nc6 Bh4 41. Nxa5 Kd6 42. Nc4+ Kc7 43. a5 Be1 44. Bg2 Nxd3 45. Kf1 Bh4 46. a6 Kb8 47. Ke2 Nf4+ 48. Kf3 Nxg2 49.
Kxg2 Ka7 50. Ne5 Kxa6 51. Nxg6 Bg5 52. Ne5 Kb5 53. b3 Bf6 54. c4+ Kb4 55. Nd3+ Kxb3 56. Nxc5+ Kxc4 57. Ne6 Bg5 58. Kf3 Kd5 59. Ng7 Ke5 60.
Nh5 f4 61. h4 Bxh4 62. Nxf4 1/2-1/2

[Event "*** SCC Grand Prix: Titled Tuesday Blitz"]
[Site "Chess.com"]
[Date "2020.06.09"]
[Round "2"]
[White "attack2mateU"]
[Black "LuckSlayeer"]
[Result "1-0"]
[WhiteElo "2717"]
[BlackElo "2456"]
[TimeControl "180+1"]
[EndTime "9:18:09 PDT"]
[Termination "attack2mateU won by resignation"]

1. e4 c5 2. Nf3 Nc6 3. d4 cxd4 4. Nxd4 e5 5. Nb5 d6 6. c4 Be7 7. N1c3 a6 8. Na3 Be6 9. Be2 Bg5 10. O-O Bxc1 11. Rxc1 Nf6 12. Qd2 O-O 13. Nc2 Rc8 14.
Rfd1 Qb6 15. h3 Rfd8 16. b3 h6 17. Qd3 Qa7 18. Rd2 Qc5 19. Rcd1 b5 20. cxb5 axb5 21. Nxb5 d5 22. exd5 Rxd5 23. Qe3 Qxe3 24. Nxe3 Rxd2 25. Rxd2 Ne4 26. Rc2 Nd4 27. Rxc8+ Bxc8 28. Nxd4 exd4 29. Nc2 Nc3 30. Nxd4 Nxa2 31. Kf1 Nb4 32. Ke1 Kf8 33. Kd2 Ke7 34. Bc4 f6 35. Kc3 Na2+ 36. Kb2 Nb4 37. Ka3 Na6 38. b4 Nc7 39. b5 Kd6 40. Kb4 Ne8 41.
Bf7 Nc7 42. b6 Na8 43. Kb5 Bb7 44. g3 h5 45. Bxh5 Kd5 46. Bf3+ 1-0

[Event "*** SCC Grand Prix: Titled Tuesday Blitz"]
[Site "Chess.com"]
[Date "2020.06.09"]
[Round "2"]
[White "queen_iryna"]
[Black "BursaBBSatranc"]
[Result "1-0"]
[WhiteElo "2321"]
[BlackElo "2508"]
[TimeControl "180+1"]
[EndTime "9:18:09 PDT"]
[Termination "queen_iryna won by checkmate"]

1. d4 d5 2. c4 c6 3. Nf3 Nf6 4. Nc3 a6 5. c5 Nbd7 6. Bf4 Nh5 7. Bg5 h6 8. Bh4 g5 9. Bg3 Bg7 10. e3 Nxg3 11. hxg3 e5 12. Nxe5 Nxe5 13. dxe5 Bxe5 14. Bd3 Qe7 15. O-O Qxc5 16. Rc1 Qe7 17. e4 Bxc3 18. Rxc3 d4 19. Rc1 O-O 20. Bb1 Rd8 21. Re1 Qe5 22. b4 Be6 23. Rc5 Qg7 24. Qd3 Rac8 25. f4 b6 26.
Rcc1 c5 27. f5 c4 28. Qf3 Bd7 29. e5 Bc6 30. Qf2 b5 31. f6 Qh8 32. e6 fxe6 33. f7+ Kg7 34. Rxe6 Qf8 35. Rg6+ Kh7 36. Rg8+ d3 37.
Qf5# 1-0

[Event "*** SCC Grand Prix: Titled Tuesday Blitz"]
[Site "Chess.com"]
[Date "2020.06.09"]
[Round "2"]
[White "eljanov"]
[Black "Haykoooo0o"]
[Result "1-0"]
[WhiteElo "2821"]
[BlackElo "2558"]
[TimeControl "180+1"]
[EndTime "9:18:10 PDT"]
[Termination "eljanov won on time"]

1. e4 e5 2. Nf3 Nc6 3. Bc4 Bc5 4. c3 Nf6 5. d3 d6 6. O-O a6 7. Re1 Ba7 8. a4 O-O 9. h3 Kh8 10. b4 Ng8 11. d4 exd4 12. cxd4 f5 13. Bg5 Nf6 14. b5 fxe4 15. Rxe4 d5 16. Rh4 dxc4 17. bxc6 bxc6 18. Qc2 Kg8 19. Bxf6 Qxf6 20. Qxh7+ Kf7 21.
Ne5+ Ke8 22. Qh5+ g6 23. Nxg6 Qxf2+ 24. Kh2 Bxd4 25. Nxf8+ Kxf8 26. Qh6+ Ke8 27. Qg6+ Ke7 28. Qe4+ Be6 29. Qxd4 1-0

[Event "*** SCC Grand Prix: Titled Tuesday Blitz"]
[Site "Chess.com"]
[Date "2020.06.09"]
[Round "2"]
[White "Shoooting_Star"]
[Black "Escanor89"]
[Result "0-1"]
[WhiteElo "2727"]
[BlackElo "2514"]
[TimeControl "180+1"]
[EndTime "9:18:10 PDT"]
[Termination "Escanor89 won by resignation"]

1. d4 Nf6 2. c4 g6 3. Nc3 Bg7 4. e4 d6 5. Be2 O-O 6. Be3 Na6 7. Nf3 c5 8. d5 Bg4 9. O-O Nd7 10. Nd2 Bxe2 11.
Qxe2 Nc7 12. f4 a6 13. a4 Rb8 14. Qf3 e6 15. Rad1 exd5 16. cxd5 b5 17. axb5 axb5 18.
Rde1 c4 19. Bf2 Na6 20. b3 Qc7 21. bxc4 bxc4 22. Rb1 Nb4 23. Rfd1 Nd3 24. Nb5 Rxb5 25. Rxb5 Nxf2 26. Qxf2 c3 27. Nf3 Qc4 28. Ra5 Qxe4 29. Ne1 Nc5 30. Ra2 Re8 31. Rc2 Na4 32. h3 Nb2 33.
Rb1 Bd4 34. Nf3 Bxf2+ 0-1

[Event "*** SCC Grand Prix: Titled Tuesday Blitz"]
[Site "Chess.com"]
[Date "2020.06.09"]
[Round "2"]
[White "Angel_Hranitel_37"]
[Black "OdChessWorld"]
[Result "0-1"]
[WhiteElo "2372"]
[BlackElo "2781"]
[TimeControl "180+1"]
[EndTime "9:18:11 PDT"]
[Termination "OdChessWorld won on time"]

1. d4 Nf6 2. Nf3 g6 3. g3 Bg7 4. Bg2 O-O 5. O-O d6 6. Nc3 a6 7. a4 Nc6 8. e4 e5 9. dxe5 Nxe5 10. Nxe5 dxe5 11. Qxd8 Rxd8 12. Bg5 c6 13. a5 h6 14. Be3 Ng4 15. Bb6 Rd2 16. Rad1 Rxd1 17. Rxd1 Be6 18.
f3 Nf6 19. Na4 Nd7 20. Bf1 Bf8 21. Be3 Rb8 22. Kf2 Kg7 23. Nb6 Nxb6 24. Bxb6 Re8 25. c3 Be7 26. b4 h5 27. Bc7 f6 28. Bb6 Kf7 29. Bc5 Rh8 30. h3 g5 31. g4 hxg4 32. hxg4 Bxc5+ 33. bxc5 Ke7 34. Bg2 Bc4 35. Rb1 Rb8 0-1

[Event "*** SCC Grand Prix: Titled Tuesday Blitz"]
[Site "Chess.com"]
[Date "2020.06.09"]
[Round "2"]
[White "MartinCerveny"]
[Black "earling8018"]
[Result "1-0"]
[WhiteElo "2502"]
[BlackElo "2058"]
[TimeControl "180+1"]
[EndTime "9:18:12 PDT"]
[Termination "MartinCerveny won on time"]

1. d4 d5 2. c4 e6 3. Nc3 Nf6 4.
cxd5 exd5 5. Bg5 c5 6. Bxf6 gxf6 7. e3 Nc6 8. dxc5 d4 9. exd4 Nxd4 10. Nge2 Bxc5 11. Nxd4 Qxd4 12. Bb5+ Kf8 13. O-O Qxd1 14. Raxd1 Be6 15. Bd7 Bc4 16. Rfe1 Rd8 17. h3 Kg7 18. Re4 Be6 19. Bxe6 Rxd1+ 20. Nxd1 fxe6 21. Rxe6 Rd8 22. Nc3 Rd2 23. Re2 Rxe2 24. Nxe2 f5 25. g3 Kf6 26. Kg2 Ke5 27. Kf3 Kd5 28. b3 a5 29. Nf4+ Kc6 30.
Ke2 Kb5 31. Nd3 Bb6 32. f3 a4 33. g4 axb3 34. axb3 fxg4 35. fxg4 Kc6 36. Kf3 Kd5 37.
g5 Kd4 38. Ke2 Kc3 39. b4 Bd4 40. h4 b5 41. h5 Bg7 42. Nf4 Be5 43. Nd5+ Kc4 44.
Nf6 Kxb4 45. Nxh7 1-0

[Event "*** SCC Grand Prix: Titled Tuesday Blitz"]
[Site "Chess.com"]
[Date "2020.06.09"]
[Round "2"]
[White "Ural_bogatyr"]
[Black "lelajavakhishvili"]
[Result "1-0"]
[WhiteElo "2304"]
[BlackElo "2458"]
[TimeControl "180+1"]
[EndTime "9:18:12 PDT"]
[Termination "Ural_bogatyr won by resignation"]

1. e4 c5 2. Nf3 Nc6 3. d4 cxd4 4. Nxd4 e6 5. Nb5 d6 6. c4 a6 7. Nd4 Nf6 8. Nc3 Be7 9. Be2 O-O 10. O-O Qc7 11. Be3 Ne5 12. Rc1 b6 13. f4 Ned7 14.
b3 Bb7 15. Bf3 Rac8 16. g4 Nc5 17. Qc2 Rfd8 18. g5 Ne8 19. f5 exf5 20. Nxf5 Bf8 21. Nd5 Bxd5 22. exd5 a5 23. Bd4 Nd7 24. Be4 Ne5 25.
h4 g6 26. Ne3 Bg7 27. h5 Nf3+ 28. Rxf3 Bxd4 29. Kg2 Qe7 30. hxg6 hxg6 31. Rcf1 Bxe3 32. Rxe3 Ng7 33. Bxg6 Qxe3 34. Bxf7+ Kf8 35. Bg6+ Kg8 36.
Bf7+ Kf8 37. Be6+ Ke7 38. Rf7+ Ke8 39. Qg6 Nxe6 40. Rh7+ 1-0

[Event "*** SCC Grand Prix: Titled Tuesday Blitz"]
[Site "Chess.com"]
[Date "2020.06.09"]
[Round "2"]
[White "Shivagami"]
[Black "adriangschnitzer"]
[Result "0-1"]
[WhiteElo "2262"]
[BlackElo "2469"]
[TimeControl "180+1"]
[EndTime "9:18:12 PDT"]
[Termination "adriangschnitzer won on time"]

1. d4 Nf6 2. c4 c5 3. d5 b5 4. Qc2 b4 5. e4 d6 6. f4 g6 7. Nf3 Bg7 8. Bd3 O-O 9. O-O e5 10.
b3 exf4 11. Bb2 Nbd7 12. Qd2 Nh5 13. a3 a5 14. axb4 cxb4 15. Nd4 Qb6 16. Be2 Nc5 17. Kh1 Nxe4 18. Qd1 Nhg3+ 19. hxg3 Nxg3+ 20. Kh2 Nxe2 21. Qxe2 Bxd4 22. Rxf4 Bxb2 23. Qxb2 f5 24. Nd2 Bd7 25. Nf3 Rae8 26. Rh4 Re4 27. Rxe4 fxe4 28. Ng5 Rf5 29.
Qd2 e3 0-1

[Event "*** SCC Grand Prix: Titled Tuesday Blitz"]
[Site "Chess.com"]
[Date "2020.06.09"]
[Round "2"]
[White "Gennady_Kozlov"]
[Black "rpragchess"]
[Result "0-1"]
[WhiteElo "2570"]
[BlackElo "2837"]
[TimeControl "180+1"]
[EndTime "9:18:14 PDT"]
[Termination "rpragchess won by checkmate"]

1. b3 e5 2. Bb2 Nc6 3. e3 Nf6 4. d4 exd4 5. exd4 d5 6. Bd3 Bd6 7. Ne2 O-O 8. h3 Ne7 9. Nd2 Bf5 10. Bxf5 Nxf5 11. Nf3 c6 12. Qd3 Ne4 13. g4 Nh4 14.
Rf1 Ng2+ 15. Kd1 Qf6 16. c4 a5 17. Kc2 a4 18. Ng3 axb3+ 19. axb3 Rxa1 20. Bxa1 Bxg3 21. fxg3 Nxg3 22. Rg1 Nf4 23. Qe3 Qg6+ 24. Kd2 Ne4+ 25. Ke1 Qd6 26. c5 Qc7 27. Bc3 Re8 28. Ne5 f6 29.
Qxf4 fxe5 30. Qc1 Nxc3 31. Rf1 exd4+ 32. Kd2 Qh2+ 33. Kd3 Qxh3+ 34. Kxd4 Ne2# 0-1

[Event "*** SCC Grand Prix: Titled Tuesday Blitz"]
[Site "Chess.com"]
[Date "2020.06.09"]
[Round "2"]
[White "silverback96"]
[Black "SketchyMoves"]
[Result "0-1"]
[WhiteElo "2190"]
[BlackElo "2651"]
[TimeControl "180+1"]
[EndTime "9:18:15 PDT"]
[Termination "SketchyMoves won on time"]

1. d4 e6 2. c4 Bb4+ 3. Bd2 Qe7 4. Nc3 Nf6 5. g3 Nc6 6. Nf3 d6 7. Bg2 Bxc3 8. Bxc3 e5 9. dxe5 dxe5 10. O-O O-O 11. b3 a5 12. e3 Bg4 13. Qc2 Rfd8 14. Qb2 Re8 15. Nd2 Nd7 16. h3 Bh5 17. Bd5 Nf6 18. Bg2 Nd7 19. a3 Nc5 20. Ne4 Nd3 21. Qc2 Rad8 22. Rfb1 f5 23. Nd2 e4 24. Nf1 Rd7 25.
Nh2 Rf8 26. g4 fxg4 27. Nxg4 Bxg4 28. hxg4 Rxf2 29. Qxf2 Nxf2 30. Kxf2 Qe6 31. Rd1 Rf7+ 32. Kg1 Qxg4 33. Rd5 h5 34. Rad1 h4 35. Kh2 Rf2 36. Rd8+ Kh7 0-1

[Event "*** SCC Grand Prix: Titled Tuesday Blitz"]
[Site "Chess.com"]
[Date "2020.06.09"]
[Round "2"]
[White "heartofatiger"]
[Black "vladislavkovalev"]
[Result "0-1"]
[WhiteElo "2593"]
[BlackElo "2928"]
[TimeControl "180+1"]
[EndTime "9:18:17 PDT"]
[Termination "vladislavkovalev won by resignation"]

1. d4 Nf6 2. c4 e6 3. Nf3 d5 4. g3 Be7 5. Bg2 O-O 6. O-O dxc4 7.
Qc2 a6 8. a4 Bd7 9. Qxc4 Bc6 10.
Bg5 Bd5 11. Qc1 h6 12. Bxf6 Bxf6 13. Nc3 Bxf3 14. Bxf3 c6 15. e3 a5 16. Rd1 Na6 17.
h4 Nb4 18. Ne4 Be7 19. Qc4 g6 20. h5 g5 21. Rac1 Kg7 22. Kg2 Qd5 23. Qe2 g4 24.
Bxg4 Qxe4+ 25. Bf3 Qf5 26. Rc4 Rad8 27. Rdc1 Qg5 28.
R1c3 f5 29. Rc1 Bd6 30. Rh1 Kh8 31. Kf1 e5 32. dxe5 Bxe5 33. Kg2 Rg8 34. Rh3 Qf6 35. b3 b6 36. Rc1 Rg7 37. Rd1 Rgd7 38. Rxd7 Rxd7 39.
Rh1 Qf7 40. Rd1 Rxd1 41. Qxd1 Nd5 42. Qd3 Kg7 43. Bd1 Qe6 44. e4 Ne7 45. exf5 Qd5+ 46.
Qxd5 cxd5 47. f4 Bd6 48. Bc2 Kf6 49. Kf3 Nxf5 50. Bd3 Nd4+ 0-1

[Event "*** SCC Grand Prix: Titled Tuesday Blitz"]
[Site "Chess.com"]
[Date "2020.06.09"]
[Round "2"]
[White "vaishali2001"]
[Black "Kilpkonn"]
[Result "1-0"]
[WhiteElo "2645"]
[BlackElo "2037"]
[TimeControl "180+1"]
[EndTime "9:18:17 PDT"]
[Termination "vaishali2001 won on time"]

1. Nf3 c5 2. g3 Nc6 3. Bg2 Nf6 4. O-O g6 5. b3 Bg7 6. Bb2 d5 7. d4 cxd4 8. Nxd4 O-O 9. c4 Nxd4 10. Bxd4 dxc4 11. bxc4 Qc7 12. Qb3 Be6 13. Na3 a6 14.
Qxb7 Qd6 15. Nc2 Rab8 16. Qf3 Bxc4 17. Rfd1 Qe6 18. e4 Rfc8 19. Ne3 h5 20. h3 Qc6 21.
Nd5 Nxd5 22. exd5 Qa4 23. Bxg7 Kxg7 24. Qf4 Rb6 25. Qe5+ Rf6 26. Qxe7 Qc2 27. Qe3 Rb8 28. Rd2 Qa4 29. Re1 Bxa2 30. d6 1-0

[Event "*** SCC Grand Prix: Titled Tuesday Blitz"]
[Site "Chess.com"]
[Date "2020.06.09"]
[Round "2"]
[White "BJthechessgod"]
[Black "Falia-p"]
[Result "1-0"]
[WhiteElo "2134"]
[BlackElo "2404"]
[TimeControl "180+1"]
[EndTime "9:18:17 PDT"]
[Termination "BJthechessgod won by checkmate"]

1. e4 c5 2. Nf3 Nc6 3. Bb5 g6 4. Bxc6 dxc6 5. d3 Bg7 6. h3 e5 7. Nc3 Ne7 8. Be3 b6 9. Qd2 O-O 10. Bh6 f6 11. Be3 Be6 12. h4 c4 13. h5 cxd3 14.
hxg6 hxg6 15. cxd3 Qd7 16. O-O-O Rfd8 17. Bh6 g5 18.
Bxg5 fxg5 19. Nxg5 Ng6 20. Rh7 Nf4 21. Rdh1 Qxd3 22.
Qe1 Bg4 23. f3 Bc8 24. Qh4 Ne2+ 25. Nxe2 Qd2+ 26. Kb1 Ba6 27. Rxg7+ Kxg7 28. Qh6+ Kg8 29. Qh7+ Kf8 30. Qf7# 1-0

[Event "*** SCC Grand Prix: Titled Tuesday Blitz"]
[Site "Chess.com"]
[Date "2020.06.09"]
[Round "2"]
[White "ChessyInstinct"]
[Black "GM-2023"]
[Result "1-0"]
[WhiteElo "2409"]
[BlackElo "2062"]
[TimeControl "180+1"]
[EndTime "9:18:19 PDT"]
[Termination "ChessyInstinct won on time"]

1. d4 Nf6 2. c4 e6 3. g3 c5 4. d5 exd5 5. cxd5 d6 6. Nc3 g6 7. Bg2 Bg7 8. Nf3 O-O 9. O-O Re8 10.
Bf4 Ne4 11. Nxe4 Rxe4 12. Nd2 Rxf4 13. gxf4 Bxb2 14. Rb1 Bg7 15. Nc4 b5 16. Rxb5 Ba6 17. Qa4 Bxb5 18. Qxb5 Qe7 19. e4 Nd7 20. Qc6 Rb8 21.
Qxd6 Qxd6 22. Nxd6 Rb2 23. e5 Nb6 24. Re1 Bf8 25. Ne4 c4 26. d6 Na4 27. Rc1 Nb6 28.
Nf6+ Kg7 29. Nd5 Rxa2 30. Nxb6 axb6 31. Bd5 b5 32. Rb1 Ra5 33. Bc6 Be7 34. dxe7 1-0

[Event "*** SCC Grand Prix: Titled Tuesday Blitz"]
[Site "Chess.com"]
[Date "2020.06.09"]
[Round "2"]
[White "DenishevM"]
[Black "Bastiandash"]
[Result "1-0"]
[WhiteElo "2551"]
[BlackElo "2168"]
[TimeControl "180+1"]
[EndTime "9:18:20 PDT"]
[Termination "DenishevM won on time"]

1. d4 Nf6 2. c4 e6 3. Nf3 Bb4+ 4.
Bd2 a5 5. Bxb4 axb4 6. e3 O-O 7. Bd3 c5 8. O-O cxd4 9. exd4 d5 10. Nbd2 dxc4 11. Nxc4 Nc6 12. Nce5 Bd7 13. Qe2 g6 14. Rfd1 Nd5 15. g3 Nxe5 16. dxe5 Qe7 17. h4 Bc6 18. Ng5 f6 19. exf6 Rxf6 20. f4 Raf8 21. Ne4 R6f7 22. Rf1 Nxf4 23. Rxf4 Rxf4 24. gxf4 Rxf4 25.
Rf1 Rxh4 26. Nf6+ Kg7 27. Be4 Qc5+ 28. Rf2 Qg5+ 29. Bg2 Bxg2 30. Ne8+ Kh6 31. Rxg2 Qc1+ 32.
Kf2 Rf4+ 33. Kg3 Rf5 34. Rh2+ 1-0

[Event "*** SCC Grand Prix: Titled Tuesday Blitz"]
[Site "Chess.com"]
[Date "2020.06.09"]
[Round "2"]
[White "m_ezat"]
[Black "PavelChernomordik"]
[Result "1-0"]
[WhiteElo "2470"]
[BlackElo "2267"]
[TimeControl "180+1"]
[EndTime "9:18:20 PDT"]
[Termination "m_ezat won by resignation"]

1. d4 g6 2. c4 Bg7 3. e4 Nc6 4.
d5 Nd4 5. Nc3 c5 6. Be3 e5 7. h4 h5 8. Nf3 d6 9. Rb1 Bg4 10. Be2 Nxe2 11. Qxe2 f5 12. Qc2 Qd7 13. Ng5 fxe4 14. b4 b6 15. bxc5 dxc5 16. Ncxe4 Bf5 17.
f3 Nf6 18. a4 O-O 19. a5 Rab8 20.
axb6 axb6 21. O-O Rfc8 22. Ra1 Ne8 23. Ra6 Nd6 24. Rb1 Qc7 25. Qb3 Qe7 26. Rc1 Bxe4 27.
fxe4 b5 28. cxb5 Rxb5 29. Qd3 c4 30. Qe2 Rb3 31. Ra7 Rc7 32. Ra8+ Nc8 33. Rxc4 Rb1+ 34. Kh2 Rbb7 35. Rxc8+ Rxc8 36. Rxc8+ Bf8 37. Bc5 Qxc5 38. Rxc5 Bxc5 39. Qc4 Be3 40. Qc8+ Kg7 41. Qxb7+ 1-0

[Event "*** SCC Grand Prix: Titled Tuesday Blitz"]
[Site "Chess.com"]
[Date "2020.06.09"]
[Round "2"]
[White "AGW2016"]
[Black "woodhy"]
[Result "0-1"]
[WhiteElo "2235"]
[BlackElo "2456"]
[TimeControl "180+1"]
[EndTime "9:18:21 PDT"]
[Termination "woodhy won by checkmate"]

1. d4 Nf6 2. c4 e6 3. g3 Bb4+ 4. Bd2 a5 5. Bg2 O-O 6. Nf3 d5 7. O-O dxc4 8. Qc2 Nbd7 9. Qxc4 Nb6 10. Qc2 Qe7 11. Nc3 c6 12. a3 Bxc3 13. Bxc3 Nbd5 14. Bd2 Nd7 15. e4 N5f6 16. a4 e5 17. Bc3 exd4 18.
Nxd4 Ne5 19. f4 Nc4 20. Rae1 Ng4 21. Qd3 Qc5 22. h3 Nf6 23. e5 Nd5 24. Kh2 Rd8 25.
Nb3 Qb6 26. Qxc4 Be6 27. Nd4 Ne3 28. Qe2 Nxf1+ 29. Rxf1 Rxd4 30. Bxd4 Qxd4 31. Rd1 Qxa4 32. Qd2 h5 33. Qd3 Qb4 34. f5 Bc4 35. Qd4 Bb3 36.
Qd7 Bxd1 37. Qxd1 Qe7 38. Qe2 Re8 39. Qxh5 Qxe5 40. Qg4 Qf6 41. h4 Qxb2 42. h5 Re2 43. Qf3 Rxg2+ 44. Qxg2 Qxg2+ 45. Kxg2 a4 46. Kf2 a3 47. g4 a2 48. g5 a1=Q 49. Kf3 Qd4 50. Kg3 c5 51. g6 c4 52. h6 fxg6 53. fxg6 gxh6 54. g7 Kxg7 55. Kf3 c3 56. Kg3 c2 57. Kh3 c1=Q 58. Kg3 Qcc3+ 59. Kg2 Qdd2+ 60. Kf1 Qcc1# 0-1

[Event "*** SCC Grand Prix: Titled Tuesday Blitz"]
[Site "Chess.com"]
[Date "2020.06.09"]
[Round "2"]
[White "TheBigBadChessDad"]
[Black "kingofthenil"]
[Result "1-0"]
[WhiteElo "2250"]
[BlackElo "2439"]
[TimeControl "180+1"]
[EndTime "9:18:21 PDT"]
[Termination "TheBigBadChessDad won by resignation"]

1. d4 Nf6 2. Nf3 e6 3. Bf4 d5 4. e3 c5 5. Nbd2 Bd6 6. Bg3 Qc7 7. c3 Nbd7 8. Be2 O-O 9. Bxd6 Qxd6 10. O-O e5 11.
dxe5 Nxe5 12. Nxe5 Qxe5 13. Nf3 Qe7 14. Re1 Bg4 15.
h3 Bh5 16. a3 Rad8 17. Qa4 a6 18. b4 Ne4 19. Rac1 Qf6 20. bxc5 Nxc3 21. Qd4 Nxe2+ 22. Rxe2 Qxd4 23. exd4 Bxf3 24. gxf3 Rfe8 25. Re3 Rxe3 26. fxe3 f5 27. Rb1 Rd7 28. h4 Kf7 29. Kf2 g6 30. Kg3 h6 31. Kf4 Kf6 32. Rb6+ Kf7 33. h5 g5+ 34.
Kxf5 Kg7 35. Rg6+ Kh7 36. Ke6 Rd8 37. Ke7 Rb8 38. Rd6 Rg8 39. Rxd5 Rg7+ 40. Kf6 Rc7 41. e4 Rg7 42. Ke6 g4 43. fxg4 Rxg4 44. Rd7+ Kg8 45. e5 Rxd4 46. Rxd4 1-0

[Event "*** SCC Grand Prix: Titled Tuesday Blitz"]
[Site "Chess.com"]
[Date "2020.06.09"]
[Round "2"]
[White "Aygehovit1992"]
[Black "kot60"]
[Result "1-0"]
[WhiteElo "2686"]
[BlackElo "2351"]
[TimeControl "180+1"]
[EndTime "9:18:22 PDT"]
[Termination "Aygehovit1992 won on time"]

1. e4 e5 2. Nf3 Nc6 3. Bb5 a6 4.
Ba4 d6 5. d4 Bd7 6. d5 Nb8 7.
c4 Ne7 8. Nc3 Ng6 9. Be3 Be7 10.
O-O h6 11. Ne1 Bg5 12. Nc2 O-O 13. b4 a5 14. Bxd7 axb4 15. Nxb4 Nxd7 16. Bxg5 Qxg5 17.
g3 Nc5 18. Nd3 Nxd3 19. Qxd3 f5 20. exf5 Qxf5 21. Qxf5 Rxf5 22. Nb5 Rf7 23. a4 b6 24.
Ra2 Kf8 25. h4 Ke8 26. h5 Nf8 27. f4 exf4 28. Rxf4 Rxf4 29. gxf4 Rc8 30. a5 bxa5 31. Rxa5 Nh7 32. c5 dxc5 33. d6 c6 34. Ra7 Nf6 35.
Re7+ Kf8 36. Nc7 Nxh5 37. Ne6+ Kg8 38. d7 1-0